[Event "FIDE WCCC U8 2018"]
[Site "Santiago de Compostela"]
[Date "2018.11.05"]
[Round "2"]
[White "Begmuratov, Khumoyun"]
[Black "Negron Lizarazo, Juan Sebastian"]
[Result "1-0"]
[ECO "B06"]
[WhiteElo "1880"]
[BlackElo "1340"]
[Annotator "NA RC"]
[PlyCount "77"]
[EventDate "2018.11.04"]
[EventType "swiss"]
[EventCountry "ESP"]
[SourceTitle "playchess.com"]
[Source "ChessBase"]
[SourceQuality "1"]
[TimeControl "40/5400+30:1800+30"]

1. e4 g6 2. d4 Bg7 3. f4 d6 4. Nf3 c5 {[%emt 0:01:47] LiveBook: 48 Games} 5. c3 cxd4 6. cxd4 Bg4 7. e5 {[%emt 0:12:33] B06: Modern Defence} ({White should try} 7. Nc3 $14) (7. Be2 Qb6 8. Qa4+ Bd7 9. Qc4 Nc6 10. d5 Rc8 11. Qb3 Nd4 12. Qxb6 Nc2+ 13. Kd1 axb6 14. Nc3 Nxa1 {0-1 (32) Bouchenak,M (2419)-Nyvlt,Z (2426) ICCF email 2011}) 7... dxe5 $146 ({Predecessor:} 7... e6 8. Bb5+ Nc6 9. O-O Nge7 10. Nc3 O-O 11. Be2 d5 12. Be3 Nf5 13. Bf2 Qb6 14. Na4 Qd8 {1-0 (35) Romani,C (1854)-Fernandez Gayoso,R (1556) Lima 2012}) 8. fxe5 Nh6 9. Bb5+ Nd7 (9... Nc6 $17 10. Bxc6+ bxc6 11. Bxh6 Bxh6) 10. O-O O-O 11. Nc3 Nf5 12. h3 Bxf3 $1 13. Rxf3 Nb6 (13... Nxd4 $5 14. Qxd4 Nxe5 $17) 14. Be3 Rc8 15. Bf2 Nc4 16. Bxc4 Rxc4 17. b3 (17. g4 $14 Rxd4 18. Qb3) 17... Rb4 (17... Rxd4 $11 {keeps the balance.} 18. Bxd4 Nxd4) 18. a3 ({Better is} 18. Rd3 $14) 18... Rb6 (18... Rxd4 $1 $11 19. Bxd4 Nxd4) 19. Rb1 Rc6 20. b4 Rc4 21. Qd3 Qc7 22. g4 Nh6 23. Nd5 Rc1+ 24. Kg2 Qc2 25. Nxe7+ Kh8 26. Rxc1 Qxc1 27. Qe4 Qc7 28. Nd5 Qc6 29. Nf6 Qc7 30. d5 $18 Ng8 31. d6 Qc8 32. d7 Qb8 33. Nxg8 Kxg8 34. e6 fxe6 35. Qxe6+ Kh8 36. Rxf8+ Bxf8 37. Bd4+ Bg7 38. Qe8+ Qxe8 39. dxe8=Q# 1-0

[Event "FIDE WCCC U8 2018"]
[Site "Santiago de Compostela"]
[Date "2018.11.05"]
[Round "2"]
[White "Hajdu, Marton Abris"]
[Black "Lam, Chun Yung Samuel"]
[Result "1-0"]
[ECO "B27"]
[WhiteElo "1755"]
[BlackElo "1309"]
[Annotator "NA RC"]
[PlyCount "117"]
[EventDate "2018.11.04"]
[EventType "swiss"]
[EventCountry "ESP"]
[SourceTitle "playchess.com"]
[Source "ChessBase"]
[SourceQuality "1"]
[TimeControl "40/5400+30:1800+30"]

1. e4 c5 2. Nf3 g6 3. d4 cxd4 4. Qxd4 Nf6 5. e5 Nc6 6. Qc4 d5 7. Qa4 Nd7 8. Nc3 e6 9. Bb5 Qc7 10. Bxc6 bxc6 11. O-O Bg7 12. Bf4 O-O 13. Rfe1 Rb8 14. b3 a5 15. Qa3 Ba6 16. Qc1 Rfc8 17. Nd1 c5 18. Qb2 Rb4 19. Bg3 c4 20. a3 Rb6 21. b4 c3 22. Qc1 axb4 23. axb4 Rcb8 24. Re3 Bh6 25. Bh4 Bxe3 26. Qxe3 Bc4 27. Qh6 f5 28. exf6 Nf8 29. Ng5 Rxb4 30. f7+ Kh8 31. Nxh7 Qxf7 32. Ng5+ Kg8 33. Nxf7 Kxf7 34. Ra7+ R8b7 35. Qf4+ Kg7 36. Bf6+ Kg8 37. Rxb7 Rxb7 38. Nxc3 Ra7 39. h3 Kh7 40. Qh4+ Kg8 41. Qh8+ Kf7 42. Qg7+ Ke8 43. Qxa7 Nd7 44. Qa8+ Kf7 45. Qa7 Kxf6 46. Qxd7 Ke5 47. f4+ Kd4 48. Na4 Ke3 49. Qxe6+ Kd2 50. Qxg6 Bb5 51. Nb2 Kc1 52. f5 Kxb2 53. f6 Bd3 54. cxd3 d4 55. f7 Kb3 56. f8=Q Kc3 57. Qc8+ Kd2 58. Qg3 Ke2 59. Qc2# 1-0

[Event "FIDE WCCC U8 2018"]
[Site "Santiago de Compostela"]
[Date "2018.11.05"]
[Round "2"]
[White "Zverev, Lev"]
[Black "Mrinmoy Rajkhowa"]
[Result "0-1"]
[ECO "C77"]
[WhiteElo "1723"]
[BlackElo "1294"]
[Annotator "NA RC"]
[PlyCount "80"]
[EventDate "2018.11.04"]
[EventType "swiss"]
[EventCountry "ESP"]
[SourceTitle "playchess.com"]
[Source "ChessBase"]
[SourceQuality "1"]
[TimeControl "40/5400+30:1800+30"]

1. e4 e5 2. Nf3 Nc6 3. Bb5 a6 4. Ba4 Nf6 5. d3 b5 6. Bb3 Be7 7. c3 d6 8. O-O O-O 9. Nbd2 Na5 10. Bc2 c5 11. Re1 Nc6 12. Nf1 Be6 13. Ng3 Qc7 14. h3 h6 15. Be3 d5 16. Rc1 dxe4 17. dxe4 Rfd8 18. Nd2 Rd7 19. Qf3 Na5 20. Nf5 Bf8 21. Nxh6+ gxh6 22. Qxf6 Bg7 23. Qh4 Kh7 24. Nf3 f6 25. b3 Rad8 26. g4 Rg8 27. Kh1 Qc6 28. Rg1 Bf7 29. g5 h5 30. Bd1 Bg6 31. Nd2 f5 32. Bxh5 Rh8 33. Bxg6+ Kxg6 34. Qg3 Rd3 35. h4 f4 36. Qg4 Qd7 37. f3 Qxg4 38. Rxg4 fxe3 39. Nf1 e2 40. Nh2 Rxh4 0-1

[Event "FIDE WCCC U8 2018"]
[Site "Santiago de Compostela"]
[Date "2018.11.05"]
[Round "2"]
[White "Azadaliyev, Jahandar"]
[Black "Kiaan Agrawal"]
[Result "1-0"]
[ECO "E20"]
[WhiteElo "1674"]
[BlackElo "1281"]
[Annotator "NA RC"]
[PlyCount "91"]
[EventDate "2018.11.04"]
[EventType "swiss"]
[EventCountry "ESP"]
[SourceTitle "playchess.com"]
[Source "ChessBase"]
[SourceQuality "1"]
[TimeControl "40/5400+30:1800+30"]

1. d4 Nf6 2. c4 e6 3. Nc3 Bb4 4. g3 Bxc3+ 5. bxc3 d6 6. Bg2 O-O 7. Nf3 Nc6 8. O-O e5 9. Qc2 Re8 10. Bg5 h6 11. Bxf6 Qxf6 12. d5 Ne7 13. e4 b6 14. Nd2 Ng6 15. Rae1 a5 16. Qd1 Bd7 17. Qe2 Kh7 18. Qe3 Rf8 19. f4 exf4 20. gxf4 Rae8 21. Qg3 Qh4 22. Qxh4 Nxh4 23. Kf2 Nxg2 24. Kxg2 Re7 25. e5 Rfe8 26. Nf3 Bg4 27. Nd4 Bd7 28. Re3 g5 29. Ref3 g4 30. Re3 dxe5 31. fxe5 Kg7 32. Rfe1 Kg6 33. Kg3 h5 34. Kf4 Kh6 35. e6 fxe6 36. Nf5+ exf5 37. Rxe7 Rxe7 38. Rxe7 Ba4 39. Rxc7 b5 40. c5 b4 41. cxb4 axb4 42. d6 b3 43. axb3 Bxb3 44. d7 Ba4 45. d8=Q Bb5 46. Qf6# 1-0

[Event "FIDE WCCC U8 2018"]
[Site "Santiago de Compostela"]
[Date "2018.11.05"]
[Round "2"]
[White "Grooten, Tommy"]
[Black "Ivancescu, Bogdan-Andrei"]
[Result "1-0"]
[ECO "B46"]
[WhiteElo "1649"]
[BlackElo "1233"]
[Annotator "NA RC"]
[PlyCount "99"]
[EventDate "2018.11.04"]
[EventType "swiss"]
[EventCountry "ESP"]
[SourceTitle "playchess.com"]
[Source "ChessBase"]
[SourceQuality "1"]
[TimeControl "40/5400+30:1800+30"]

1. e4 c5 2. Nf3 e6 3. d4 cxd4 4. Nxd4 a6 5. Nc3 Nc6 6. f4 Qc7 7. Be3 d6 8. Qf3 Nf6 9. O-O-O Bd7 10. g4 e5 11. Nf5 g6 12. g5 Nh5 13. Nd5 Qc8 14. Nb6 Qb8 15. Nxa8 Qxa8 16. Nxd6+ Bxd6 17. Rxd6 Ke7 18. Rd1 Rc8 19. Kb1 b5 20. Bh3 Rc7 21. Bxd7 Rxd7 22. Rxd7+ Kxd7 23. Rd1+ Ke8 24. Qg4 Qb7 25. f5 Qc8 26. Rd2 Ng7 27. Qh4 Nh5 28. Rd1 Nb4 29. Rc1 Qc4 30. b3 Qc3 31. Qe1 Qxe1 32. Rxe1 Kd7 33. Rf1 Ke8 34. a3 Nc6 35. f6 Kd7 36. Rd1+ Kc8 37. Rd5 Nf4 38. Bxf4 exf4 39. Rd1 f3 40. Rf1 Ne5 41. Kb2 Kc7 42. h3 a5 43. Kc3 Kc6 44. Kd4 Kd6 45. Ke3 Kc6 46. Rxf3 Nxf3 47. Kxf3 b4 48. a4 Kb6 49. e5 Kc6 50. e6 1-0

[Event "FIDE WCCC U8 2018"]
[Site "Santiago de Compostela"]
[Date "2018.11.05"]
[Round "2"]
[White "Arora, Abhiraaj"]
[Black "Finek, Vaclav"]
[Result "0-1"]
[ECO "D92"]
[WhiteElo "1407"]
[BlackElo "1942"]
[Annotator "NA RC"]
[PlyCount "80"]
[EventDate "2018.11.04"]
[EventType "swiss"]
[EventCountry "ESP"]
[SourceTitle "playchess.com"]
[Source "ChessBase"]
[SourceQuality "1"]
[TimeControl "40/5400+30:1800+30"]

1. Nf3 Nf6 2. d4 g6 3. c4 Bg7 4. Nc3 d5 5. Bf4 c6 6. e3 O-O 7. cxd5 cxd5 8. Be2 {[%emt 0:04:39] LiveBook: 30 Games} Nc6 9. O-O Bg4 {[%emt 0:10:21] D90: Grünfeld: 4 Nf3 Bg7 sidelines} 10. h3 Bxf3 11. Bxf3 Rc8 (11... e6 12. Qc1 Qe7 13. Na4 Rac8 14. Qc5 {½-½ (14) Gajewski,G (2653)-Kempinski,R (2569) Achaia 2013}) 12. Rc1 Re8 $146 ({Predecessor:} 12... e6 13. Na4 Nd7 14. Be2 e5 15. dxe5 Ndxe5 16. Qb3 d4 17. Rfd1 {1-0 (30) Teske,H (2531)-Trzaska,P (2201) Essen 2003}) 13. Qb3 Na5 $1 14. Qb5 a6 15. Qd3 Qd7 16. Ne2 b5 17. b3 Qb7 18. Ng3 Bf8 19. Be5 Nd7 20. Bf4 (20. Qd2 $14 b4 21. Bf4) 20... e6 21. e4 Nb6 22. Qd2 b4 (22... Nc6 $11) 23. Bh6 Bxh6 24. Qxh6 Nd7 $2 (24... Nc6 $14) 25. e5 $2 (25. exd5 $18 exd5 26. Qg5) 25... Qb6 26. Ne2 Nc6 27. Rfd1 Ne7 28. Rxc8 Rxc8 29. Ng3 (29. Qd2 $11) 29... Rc3 30. Ne2 Nf5 31. Qg5 Rc2 32. g4 $2 (32. Bg4 $15) 32... h6 33. Qf4 g5 34. Qh2 Nh4 35. Qg3 Qb5 36. Nc1 Rc3 37. Rf1 Rxf3 38. Qh2 Rc3 $19 39. Kh1 Qxf1+ 40. Qg1 Rxh3# 0-1

[Event "FIDE WCCC U8 2018"]
[Site "Santiago de Compostela"]
[Date "2018.11.05"]
[Round "2"]
[White "Asikainen, Eeli"]
[Black "Nurgaliyev, Sauat"]
[Result "1-0"]
[ECO "B22"]
[WhiteElo "1358"]
[BlackElo "1764"]
[Annotator "NA RC"]
[PlyCount "82"]
[EventDate "2018.11.04"]
[EventType "swiss"]
[EventCountry "ESP"]
[SourceTitle "playchess.com"]
[Source "ChessBase"]
[SourceQuality "1"]
[TimeControl "40/5400+30:1800+30"]

1. e4 c5 2. c3 Nf6 3. e5 Nd5 4. d4 cxd4 5. cxd4 e6 6. Nf3 b6 7. Nc3 Nxc3 8. bxc3 Qc7 9. Bb2 Be7 10. Bd3 Ba6 11. Bxa6 Nxa6 12. O-O O-O 13. Qd3 Nb8 14. Qe4 Nc6 15. Qg4 f5 16. Qg3 Na5 17. Nd2 g5 18. h4 g4 19. h5 Kh8 20. Nb3 Rg8 21. f3 Rg5 22. Bc1 Rxh5 23. fxg4 Rg8 24. Qf3 Rxg4 25. Qa8+ Rg8 26. Qf3 Rh4 27. Nxa5 bxa5 28. Rb1 Rhg4 29. Rf2 Rg3 30. Qb7 Qxc3 31. Bf4 R3g7 32. Bh6 Rg6 33. Qxd7 Qh3 34. Qb7 Rxh6 35. g3 Rxg3+ 36. Rg2 Rxg2+ 37. Qxg2 Rg6 38. Qxg6 Qe3+ 39. Kh1 hxg6 40. Rb8+ Kg7 41. Rb3 Qxd4 1-0

[Event "FIDE WCCC U8 2018"]
[Site "Santiago de Compostela"]
[Date "2018.11.05"]
[Round "2"]
[White "Sowinski, Pawel"]
[Black "Schnaider, Ilan"]
[Result "1/2-1/2"]
[ECO "C01"]
[WhiteElo "1318"]
[BlackElo "1723"]
[Annotator "NA RC"]
[PlyCount "158"]
[EventDate "2018.11.04"]
[EventType "swiss"]
[EventCountry "ESP"]
[SourceTitle "playchess.com"]
[Source "ChessBase"]
[SourceQuality "1"]
[TimeControl "40/5400+30:1800+30"]

1. e4 e6 2. d4 d5 3. exd5 exd5 4. Bd3 Bd6 5. Nf3 Bg4 6. O-O Nf6 7. Re1+ Be7 8. Qe2 Nc6 9. c3 O-O 10. Be3 Re8 11. h3 Bh5 12. Nbd2 Qd7 13. Rad1 Bd6 14. Nf1 Re7 15. Ng3 Bxg3 16. fxg3 Rae8 17. Qf2 Ne4 18. Bxe4 dxe4 19. Nh4 Bxd1 20. Rxd1 Ne5 21. Rf1 Nd3 22. Qe2 Qe6 23. Nf5 Rd7 24. Qg4 Qg6 25. Nh6+ gxh6 26. Qxd7 Qe6 27. Qb5 Qc6 28. Qf5 Qg6 29. g4 Qxf5 30. gxf5 Nxb2 31. Rb1 Nc4 32. Kf2 b6 33. g4 Kg7 34. Ke2 Nd6 35. a4 h5 36. Bf4 hxg4 37. hxg4 Re7 38. Be5+ f6 39. g5 Ne8 40. gxf6+ Nxf6 41. Ke3 Kf7 42. Rc1 c6 43. a5 c5 44. axb6 axb6 45. Kf4 h6 46. Bxf6 Kxf6 47. Rh1 Kg7 48. d5 e3 49. d6 Re8 50. d7 Rd8 51. f6+ Kxf6 52. Rxh6+ Ke7 53. Kxe3 Kxd7 54. Rxb6 Kc7 55. Re6 Rd7 56. c4 Rd1 57. Re4 Rd7 58. Rf4 Rd1 59. Rf2 Rd7 60. Ra2 Rd4 61. Rc2 Rd7 62. Ke4 Rd4+ 63. Ke5 Rd1 64. Re2 Kb6 65. Rb2+ Kc7 66. Rb3 Rd4 67. Rc3 Rd1 68. Ke6 Rd4 69. Rc2 Rd1 70. Ke5 Rd4 71. Rc3 Rd1 72. Re3 Rd4 73. Re4 Rd1 74. Rh4 Rd2 75. Rh7+ Kc6 76. Rh6+ Kc7 77. Rh4 Rd1 78. Re4 Kc6 79. Rf4 Re1+ {[%emt 0:00:34] Ke4} 1/2-1/2

[Event "FIDE WCCC U8 2018"]
[Site "Santiago de Compostela"]
[Date "2018.11.05"]
[Round "2"]
[White "Mompel Ferruz, Xavier"]
[Black "Lu, Miaoyi"]
[Result "0-1"]
[ECO "D10"]
[WhiteElo "1309"]
[BlackElo "1717"]
[Annotator "NA RC"]
[PlyCount "116"]
[EventDate "2018.11.04"]
[EventType "swiss"]
[EventCountry "ESP"]
[SourceTitle "playchess.com"]
[Source "ChessBase"]
[SourceQuality "1"]
[TimeControl "40/5400+30:1800+30"]

1. d4 d5 2. c4 c6 3. Qc2 Nf6 4. Nf3 dxc4 5. Qxc4 Bf5 6. Ne5 Be6 7. Qd3 Nbd7 8. e4 Nxe5 9. dxe5 Qxd3 10. Bxd3 Nd7 11. Bf4 O-O-O 12. Nc3 Nxe5 13. Bxe5 Rxd3 14. Na4 Bc4 15. Nc5 Rd8 16. b3 Ba6 17. Nxa6 bxa6 18. Rd1 Rxd1+ 19. Kxd1 f6 20. Bd4 Kb7 21. Bc5 e5 22. Bxf8 Rxf8 23. Ke2 Rd8 24. Rd1 Rxd1 25. Kxd1 Kb6 26. Kd2 Kc5 27. Kc3 a5 28. a4 g6 29. g4 g5 30. h3 h6 31. f3 a6 32. Kd3 Kb4 33. Kc2 c5 34. Kb2 c4 35. bxc4 Kxc4 36. Ka3 Kc3 37. Ka2 Kb4 38. Kb2 Kxa4 39. Ka2 Kb4 40. Kb2 Kc4 41. Kc2 a4 42. Kb2 Kd3 43. Ka3 Ke3 44. Kxa4 Kxf3 45. Ka5 Kxe4 46. Kxa6 Kf4 47. Kb6 e4 48. Kc6 e3 49. Kd6 e2 50. Ke7 e1=Q+ 51. Kxf6 Qe5+ 52. Kg6 Qe6+ 53. Kh5 Kg3 54. h4 Qxg4+ 55. Kxh6 gxh4 56. Kh7 h3 57. Kh6 h2 58. Kh7 h1=Q# 0-1

[Event "FIDE WCCC U8 2018"]
[Site "Santiago de Compostela"]
[Date "2018.11.05"]
[Round "2"]
[White "Gerelt-Od Boldbaatar"]
[Black "Udipi, Kala Kishan"]
[Result "0-1"]
[ECO "B90"]
[WhiteElo "1293"]
[BlackElo "1653"]
[Annotator "NA RC"]
[PlyCount "118"]
[EventDate "2018.11.04"]
[EventType "swiss"]
[EventCountry "ESP"]
[SourceTitle "playchess.com"]
[Source "ChessBase"]
[SourceQuality "1"]
[TimeControl "40/5400+30:1800+30"]

1. e4 c5 2. Nf3 d6 3. d4 cxd4 4. Nxd4 Nf6 5. Nc3 a6 6. Nb3 e6 7. g4 b5 8. Bg2 Bb7 9. g5 Nfd7 10. h4 Be7 11. f4 h6 12. Qg4 h5 13. Qh3 b4 14. Ne2 e5 15. f5 f6 16. g6 Nc5 17. Nxc5 dxc5 18. Qb3 Rf8 19. Bh6 gxh6 20. g7 Nc6 21. gxf8=Q+ Kxf8 22. Rd1 Nd4 23. Nxd4 exd4 24. Bf3 Qc7 25. Rg1 c4 26. Qa4 Bc6 27. Rd2 Bxa4 28. Rdg2 Ke8 29. Rg8+ Bf8 30. Bxh5+ Ke7 31. R1g7+ Bxg7 32. Rxg7+ Kd6 33. Rxc7 Kxc7 34. b3 cxb3 35. axb3 Bc6 36. Bf3 Re8 37. Kd2 Bxe4 38. Be2 Bxc2 39. Bh5 Re5 40. Kxc2 Rxf5 41. Bg6 Rf3 42. Bd3 Rxd3 43. Kxd3 Kd6 44. Kxd4 f5 45. Kc4 a5 46. Kd4 h5 47. Ke3 Ke5 48. Kf3 f4 49. Kf2 Ke4 50. Ke2 f3+ 51. Kf2 Kf4 52. Kf1 Ke3 53. Ke1 f2+ 54. Kf1 a4 55. bxa4 b3 56. a5 b2 57. a6 b1=Q+ 58. Kg2 Qg1+ 59. Kh3 f1=Q# 0-1

[Event "FIDE WCCC U8 2018"]
[Site "Santiago de Compostela"]
[Date "2018.11.08"]
[Round "4"]
[White "Begmuratov, Khumoyun"]
[Black "Mamedov, Edgar"]
[Result "1/2-1/2"]
[ECO "B40"]
[WhiteElo "1880"]
[BlackElo "1599"]
[Annotator "NA RC"]
[PlyCount "153"]
[EventDate "2018.11.04"]
[EventType "swiss"]
[EventCountry "ESP"]
[SourceTitle "playchess.com"]
[Source "ChessBase"]
[SourceQuality "1"]
[TimeControl "40/5400+30:1800+30"]

1. e4 c5 2. Nf3 e6 3. Qe2 Nc6 4. g3 Nge7 5. Bg2 d6 6. O-O g6 7. d3 Bg7 8. c3 O-O 9. Be3 {[%emt 0:03:59] LiveBook: 10 Games} b6 {[%emt 0:02:41] C00: French: Unusual White 2nd moves} (9... e5 10. Qd2 f5 11. Bh6 f4 12. Bxg7 Kxg7 13. d4 cxd4 14. cxd4 Bg4 15. dxe5 dxe5 16. Qxd8 Raxd8 17. Nbd2 Rd3 18. h3 Be6 19. Rfc1 fxg3 20. fxg3 h6 21. b4 Rc8 22. a3 {½-½ (22) Bokros,A (2484)-Hoang,T (2478) Hungary 2014}) 10. d4 cxd4 11. cxd4 $146 ({Predecessor:} 11. Nxd4 Nxd4 12. cxd4 d5 13. Nc3 Bb7 14. e5 Nf5 15. Bh3 Rc8 16. Qd2 f6 17. f4 Qd7 18. Rfe1 fxe5 19. fxe5 Ba6 20. Rac1 Rf7 {½-½ (20) Kotainy,J (2326)-Wilde,P (2235) Germany 2016}) 11... d5 12. e5 f6 13. exf6 Bxf6 14. Nc3 Nf5 15. Qd2 Bd7 16. Rfe1 Rf7 17. Bh3 Qf8 (17... Bg7 $11 {remains equal.}) 18. Bxf5 $1 gxf5 19. Bf4 Qg7 20. Rad1 Kh8 21. Nb5 Be7 22. a3 Rc8 23. Ne5 Nxe5 24. Bxe5 Rf6 25. Nc3 ({Weaker is} 25. Nxa7 Ra8 $16) ({Don't take} 25. Bxf6 $6 Qxf6 26. Qd3 a5 $18) 25... Kg8 26. Bxf6 Bxf6 27. Ne2 Qe7 28. Nf4 Qf7 29. Rc1 Rc4 30. Rxc4 dxc4 31. Qe3 Bg5 32. Qe5 Bxf4 33. Qxf4 Bc6 34. Qb8+ Qf8 35. Qxa7 Qd6 36. Rf1 $2 (36. Re3 $18) 36... Qd5 37. f3 Qxd4+ 38. Kg2 Qd2+ $1 39. Rf2 Bxf3+ $1 40. Kxf3 Qd3+ 41. Kg2 Qe4+ 42. Kf1 Qb1+ 43. Ke2 Qc2+ 44. Ke3 Qd3+ $2 (44... Qe4+ $11 45. Kd2 Qd5+ 46. Ke1 Qh1+ 47. Rf1 Qe4+ 48. Kd2 (48. Kf2 Qd4+ 49. Kg2 Qe4+ 50. Kg1 Qe3+ 51. Rf2 Qe1+ 52. Rf1 Qe3+ 53. Rf2 Qe1+ 54. Rf1 Qe3+ $11) 48... Qd3+ 49. Ke1 Qe3+ 50. Kd1 Qd3+ 51. Ke1 Qe3+ 52. Kd1 Qd3+ 53. Ke1) 45. Kf4 Qd4+ 46. Kg5 Qxf2 47. Qb8+ Kf7 48. Qc7+ Kg8 49. Qxc4 $2 (49. Qc8+ $18 Kg7 50. Qd7+ (50. Qxe6 Qxh2 51. Qe5+ Kf8 $14) 50... Kf8 51. Qd8+ (51. Qxe6 Qxb2 52. Qxf5+ Ke7 $14) 51... Kf7 52. Qf6+ Ke8 53. Qxe6+ Kd8 54. Qg8+ (54. Qxc4 Qxh2 55. Qg8+ Kc7 $16) (54. Qxf5 Qxb2 55. Qd5+ Ke7 $14) 54... Kc7 55. Qxh7+ (55. Qxc4+ Kb7 $16) 55... Kd6 56. Qg6+ (56. Qxf5 Qxb2 57. Qf8+ Kd5 $11) 56... Kc7 57. Qg7+ (57. Qxf5 Qxh2 58. Qf4+ Kb7 $16) 57... Kc8 58. Qg8+ Kb7 59. Qd5+ (59. Qxc4 Qxh2 60. Qd5+ Ka7 $16) 59... Ka7 60. Qd7+ (60. Qxc4 Qxh2 61. Qc7+ Ka6 $18) 60... Kb8 61. Qd6+ (61. Qxf5 Qxh2 62. Qe5+ Kb7 $16) 61... Ka7 62. Qc7+ Ka8 63. Qxc4) 49... Qd2+ 50. Kf6 Qh6+ 51. Ke7 Qf8+ 52. Kd7 Qg7+ 53. Kc6 Qxb2 54. Qxe6+ Kg7 55. Qe7+ Kg8 56. Qg5+ Kh8 57. Qe3 b5 58. Qe8+ Kg7 59. Qe7+ Kg6 60. Qe6+ Kg7 61. Qxf5 Qxa3 62. Qxb5 Qc1+ 63. Kd7 Qd2+ 64. Ke6 Qh6+ 65. Ke7 Qe3+ 66. Kd6 Qd2+ 67. Kc6 Qxh2 68. Qg5+ Kf7 $11 69. Qf5+ Kg7 70. g4 Qg2+ 71. Kd6 Qg3+ 72. Ke6 Qe3+ 73. Qe5+ Qxe5+ 74. Kxe5 Kg6 75. Kf4 h5 76. gxh5+ Kxh5 77. Ke4 1/2-1/2

[Event "FIDE WCCC U8 2018"]
[Site "Santiago de Compostela"]
[Date "2018.11.08"]
[Round "4"]
[White "Hajdu, Marton Abris"]
[Black "Chennareddy, Yuvraj"]
[Result "0-1"]
[ECO "C28"]
[WhiteElo "1755"]
[BlackElo "1497"]
[Annotator "NA"]
[PlyCount "60"]
[EventDate "2018.11.04"]
[EventType "swiss"]
[EventCountry "ESP"]
[SourceTitle "playchess.com"]
[Source "ChessBase"]
[SourceQuality "1"]
[TimeControl "40/5400+30:1800+30"]

1. e4 e5 2. Bc4 Nc6 3. Nc3 Nf6 4. d3 Bc5 5. Be3 Bb6 6. h3 d6 7. Nge2 Be6 8. Bxb6 axb6 9. O-O O-O 10. f4 Bxc4 11. dxc4 exf4 12. Nxf4 Re8 13. Nfd5 Nxd5 14. exd5 Ne5 15. b3 Qg5 16. Qd4 Rf8 17. Ne4 Qg6 18. a4 f5 19. Nd2 f4 20. Rxf4 Rxf4 21. Qxf4 Rf8 22. Qe4 Nf3+ 23. Qxf3 Rxf3 24. Nxf3 Qxc2 25. a5 Qxb3 26. axb6 Qxb6+ 27. Kh1 h6 28. Rc1 Qc5 29. Nd2 b5 30. Rc2 bxc4 0-1

[Event "FIDE WCCC U8 2018"]
[Site "Santiago de Compostela"]
[Date "2018.11.08"]
[Round "4"]
[White "Grooten, Tommy"]
[Black "Sevig, Mert Can"]
[Result "0-1"]
[ECO "B35"]
[WhiteElo "1649"]
[BlackElo "1442"]
[Annotator "NA RC"]
[PlyCount "110"]
[EventDate "2018.11.04"]
[EventType "swiss"]
[EventCountry "ESP"]
[SourceTitle "playchess.com"]
[Source "ChessBase"]
[SourceQuality "1"]
[TimeControl "40/5400+30:1800+30"]

1. e4 c5 2. Nf3 g6 3. d4 cxd4 4. Nxd4 Bg7 5. Nc3 Nc6 6. Be3 Nf6 7. Bc4 O-O 8. f3 Qb6 9. Bb3 Nxe4 10. fxe4 Nxd4 11. Nd5 Qe6 12. Bxd4 Qxe4+ 13. Be3 e6 14. Ne7+ Kh8 15. Qf3 Qb4+ 16. c3 Qxe7 17. O-O-O d5 18. Qf2 b6 19. Rhe1 Bb7 20. Bd4 Rfd8 21. Rf1 Rd7 22. Ba4 Rc7 23. Bxg7+ Kxg7 24. Qd4+ Kg8 25. Rde1 Rc4 26. Qe5 Rxa4 27. Re3 Re4 28. Rxe4 dxe4 29. h4 Ba6 30. Rh1 f5 31. h5 Bd3 32. b3 Rd8 33. hxg6 Qa3+ 34. Kd2 Qb2+ 35. Ke3 Qe2+ 36. Kf4 Qf2+ 37. Kg5 Qxg2+ 38. Kf6 Rf8+ 39. Ke7 Qg5+ 40. Kd7 Qd8+ 41. Kc6 Qc8+ 42. Kd6 Rd8+ 43. Ke7 Rd7+ 44. Kxe6 Rf7+ 45. Kd5 Rd7+ 46. Ke6 Qc6+ 47. Kxf5 Qxg6+ 48. Kf4 Rf7+ 49. Ke3 Rf3+ 50. Kd4 Qg7 51. c4 Qxe5+ 52. Kxe5 e3 53. Re1 e2 54. b4 Rf1 55. Rxe2 Bxe2 0-1

[Event "FIDE WCCC U8 2018"]
[Site "Santiago de Compostela"]
[Date "2018.11.08"]
[Round "4"]
[White "Woodward, Andy"]
[Black "Villa Tornero, Alex"]
[Result "0-1"]
[ECO "A59"]
[WhiteElo "1607"]
[BlackElo "1441"]
[Annotator "NA RC"]
[PlyCount "102"]
[EventDate "2018.11.04"]
[EventType "swiss"]
[EventCountry "ESP"]
[SourceTitle "playchess.com"]
[Source "ChessBase"]
[SourceQuality "1"]
[TimeControl "40/5400+30:1800+30"]

1. d4 Nf6 2. c4 c5 3. d5 b5 4. cxb5 a6 5. bxa6 Bxa6 6. Nc3 d6 7. e4 Bxf1 8. Kxf1 g6 9. g3 Bg7 10. Kg2 Nbd7 11. Nf3 O-O 12. Qc2 Qb6 13. Bd2 Rfb8 14. Rhb1 Ng4 15. h3 Nge5 16. Nxe5 Nxe5 17. b3 Qa6 18. a3 c4 19. f4 cxb3 20. Qd1 Nc4 21. Qe2 Nxd2 22. Qxd2 Qa5 23. e5 dxe5 24. Ne4 Qxd2+ 25. Nxd2 exf4 26. gxf4 Bxa1 27. Rxa1 b2 28. Rb1 Rxa3 29. Kf2 Ra1 30. Ke2 Rxb1 31. Nxb1 Rc8 32. Kd2 Rc1 33. Na3 b1=Q 34. Nxb1 Rxb1 35. Kc2 Rh1 36. Kd2 Rxh3 37. Ke2 Kg7 38. Kf2 Kf6 39. Kg2 Ra3 40. Kf2 Kf5 41. Ke2 Kxf4 42. Kd2 Rh3 43. Ke2 g5 44. Kd2 Ke4 45. Ke2 Rh2+ 46. Kf1 Ke3 47. Kg1 Rf2 48. Kh1 Kf3 49. d6 exd6 50. Kg1 Kg3 51. Kh1 Rf1# 0-1

[Event "FIDE WCCC U8 2018"]
[Site "Santiago de Compostela"]
[Date "2018.11.08"]
[Round "4"]
[White "Golovchenko, Bogdan"]
[Black "Nurgaliyev, Sauat"]
[Result "1-0"]
[ECO "D58"]
[WhiteElo "1556"]
[BlackElo "1764"]
[Annotator "NA RC"]
[PlyCount "141"]
[EventDate "2018.11.04"]
[EventType "swiss"]
[EventCountry "ESP"]
[SourceTitle "playchess.com"]
[Source "ChessBase"]
[SourceQuality "1"]
[TimeControl "40/5400+30:1800+30"]

1. d4 Nf6 2. Nf3 e6 3. c4 d5 4. Nc3 Be7 5. Bg5 O-O 6. e3 h6 7. Bh4 b6 8. Qc2 Bb7 9. cxd5 exd5 10. Bd3 c5 11. O-O Nc6 12. a3 c4 13. Bf5 Re8 14. Rad1 a6 15. Ne5 Na5 16. f4 Qc7 17. Qe2 Nh7 18. Bxe7 Qxe7 19. Rf3 Qf6 20. Bb1 Rad8 21. Rg3 Bc8 22. Qh5 Rf8 23. f5 Kh8 24. Rf1 Nc6 25. Ng4 Qg5 26. Qh3 Ne7 27. Ne5 Qf6 28. Qh5 Nc6 29. Nxc6 Qxc6 30. Qe2 Nf6 31. Rf4 Qd6 32. Rf1 Rde8 33. Rh3 b5 34. g4 Nh7 35. f6 Nxf6 36. Qc2 Ne4 37. Rf4 Bb7 38. Nxe4 dxe4 39. g5 Qg6 40. Kh1 Qxg5 41. Rg3 Qh5 42. Rfg4 Rg8 43. Qg2 Bc8 44. Rf4 Bb7 45. Bc2 Bc6 46. Rh3 Qd5 47. Rfh4 Re6 48. Rh5 Qd6 49. Qg5 Rg6 50. Qf5 Bd7 51. Qxe4 Bxh3 52. Rxh3 Qc6 53. d5 Qf6 54. Rf3 Qxb2 55. Rf1 Qxa3 56. Qd4 Qe7 57. Bxg6 fxg6 58. d6 Qd7 59. e4 Qh3 60. Rf2 a5 61. d7 Qd3 62. Qxd3 cxd3 63. e5 a4 64. e6 a3 65. e7 a2 66. Rxa2 b4 67. d8=Q Rxd8 68. exd8=Q+ Kh7 69. Ra8 g5 70. Qxd3+ g6 71. Qd7# 1-0

[Event "FIDE WCCC U8 2018"]
[Site "Santiago de Compostela"]
[Date "2018.11.08"]
[Round "4"]
[White "Prada Villagrasa, Pau Manel"]
[Black "Lu, Miaoyi"]
[Result "0-1"]
[ECO "A06"]
[WhiteElo "1530"]
[BlackElo "1717"]
[Annotator "NA RC"]
[PlyCount "60"]
[EventDate "2018.11.04"]
[EventType "swiss"]
[EventCountry "ESP"]
[SourceTitle "playchess.com"]
[Source "ChessBase"]
[SourceQuality "1"]
[TimeControl "40/5400+30:1800+30"]

1. Nf3 d5 2. b3 Bf5 3. Bb2 e6 4. e3 Nf6 5. h3 h6 6. d4 Bd6 7. Be2 Nbd7 8. O-O O-O 9. Ne5 c5 10. f4 Ne4 11. Qe1 Be7 12. Nxd7 Bh4 13. Qd1 Qxd7 14. dxc5 Ng3 15. Re1 Rac8 16. Bf3 Qe7 17. Qd2 Ne4 18. Bxe4 Bxe1 19. Qxe1 Bxe4 20. b4 b6 21. Qc3 f6 22. c6 d4 23. Qxd4 Bxc6 24. b5 Rfd8 25. Qa4 Rd1+ 26. Kh2 Ba8 27. Qb3 Qd7 28. Bd4 Qd5 29. Qxd5 Bxd5 30. c3 Be4 0-1